Map: Frozen Temple

Players

Miszu - Winner!

  • Race: Terran Terran
  • League: Master

MomSpaghetti

  • Race: Zerg Zerg
  • League: Master

VOD

Have the link to the VOD?

Description

Time

  • Played on: June 27, 2016, 12:40 p.m.
  • Length: 13:50
Show
View Real Time Build Order
Export as new Build Order

Miszu Terran - Winner!

Build Orders:  

Get SALT Encoding   

  12  0:01  SCV  
  13  0:14  SCV  
  13  0:21  Supply Depot  
  14  0:27  SCV  
  15  0:42  SCV  
  16  0:47  Barracks  
  16  0:49  Refinery  
  16  0:54  SCV  
  17  1:06  SCV  
  18  1:18  SCV  
  20  1:35  Orbital Command  
  20  1:36  Reaper  
  20  1:46  Command Center  
  20  1:54  Supply Depot  
  20  2:01  SCV  
  21  2:05  Refinery  
  21  2:08  Barracks Reactor  
  21  2:13  SCV  
  22  2:25  SCV  
  22  2:26  Factory  
  23  2:37  SCV  
  23  2:44  Marine x2  
  24  2:49  SCV  
  26  2:57  Orbital Command  
  26  3:01  Marine, SCV  
  26  3:02  Marine  
  29  3:10  Factory Reactor  
  29  3:11  Starport  
  29  3:13  SCV  
  29  3:19  Supply Depot  
  30  3:20  Marine  
  30  3:22  Marine  
  30  3:23  SCV  
  30  3:25  SCV  
  34  3:35  SCV  
  34  3:37  SCV  
  34  3:38  Marine  
  34  3:39  Marine  
  38  3:48  SCV  
  39  3:49  SCV  
  40  3:57  Supply Depot  
  40  3:58  Marine x2, Medivac x2, Widow Mine  
  40  4:00  SCV  
  40  4:02  SCV  
  50  4:12  SCV  
  50  4:14  SCV  
  52  4:17  Command Center, Liberator  
  52  4:19  Marine x2, Liberator  
  55  4:24  SCV  
  55  4:26  SCV  
  55  4:28  Supply Depot  
  56  4:33  Factory Tech Lab  
  62  4:45  Refinery  
  62  4:46  Refinery  
  62  4:49  SCV x2  
  62  4:51  Supply Depot  
  64  5:02  SCV x2  
  66  5:14  SCV  
  67  5:29  Marine x2  
  67  5:30  Siege Tank  
  67  5:31  SCV x2  
  70  5:47  SCV x2  
  70  5:48  Orbital Command  
  72  5:57  Marine x2  
  72  5:59  SCV  
  72  6:02  Engineering Bay  
  72  6:03  Engineering Bay, Barracks  
  75  6:05  Barracks  
  73  6:24  Marine x2  
  76  6:25  SCV x2  
  76  6:32  Terran Infantry Weapons Level 1, Terran Infantry Armor Level 1, Barracks x2, Orbital Command  
  78  6:33  Barracks  
  78  6:34  Barracks  
  78  6:35  Siege Tank, Barracks  
  78  6:37  SCV  
  78  6:38  SCV  
  79  6:42  Marine  
  80  6:49  Marine  
  80  6:50  SCV x2  
  80  6:54  Supply Depot  
  84  6:55  Supply Depot  
  84  6:58  Barracks Tech Lab  
  84  6:59  Barracks Tech Lab  
  84  7:00  Armory  
  83  7:01  SCV  
  83  7:02  SCV x2  
  83  7:07  Supply Depot  
  86  7:13  SCV  
  86  7:14  SCV  
  86  7:15  SCV  
  86  7:17  Marine x2  
  86  7:18  Combat Shields  
  86  7:19  Marine x3  
  82  7:30  Marine  
  82  7:31  Marine x3  
  82  7:35  Marine x2  
  82  7:36  Marine x2  
  82  7:37  Marine  
  78  7:48  Marine x4, Orbital Command  
  80  7:53  Marine x2  
  80  7:54  Marine x3  
  83  8:02  Medivac  
  85  8:10  Supply Depot x2  
  85  8:22  Factory Reactor  
  85  8:23  Marine x4, SCV  
  85  8:24  Marine, Medivac, Reaper  
  71  8:31  Marine  
  71  8:32  Marine x2, Medivac  
  71  8:41  Marine x4  
  71  8:42  Marine  
  71  8:44  Terran Infantry Weapons Level 2  
  70  8:49  Marine x3  
  66  8:55  Marine  
  66  8:59  Marine x4  
  66  9:00  Marine  
  70  9:07  Marine  
  71  9:11  Supply Depot  
  71  9:12  Engineering Bay  
  71  9:14  Marine  
  71  9:15  Hellion, Marine x2, Medivac x2  
  71  9:16  Marine x2  
  79  9:17  Marine  
  79  9:18  SCV x2  
  80  9:35  Marine  
  62  9:38  Marine  
  62  9:39  Marine x6  
  62  9:45  Medivac, Orbital Command  
  69  9:52  Marine  
  69  9:56  Marine  
  69  9:57  Marine x2, Barracks Tech Lab  
  69  9:58  SCV x2  
  72  10:03  Marine x2  
  73  10:08  Supply Depot  
  73  10:09  Marine  
  73  10:10  Supply Depot, Marine x2, SCV  
  73  10:12  Supply Depot  
  77  10:25  Supply Depot  
  77  10:26  Stimpack  
  77  10:29  Marine x7, SCV  
  77  10:31  Marine x2, SCV x2  
  89  10:39  Widow Mine x2  
  89  10:41  SCV  
  98  10:43  SCV  
  98  10:44  SCV  
  98  10:47  Supply Depot, Marine x4  
  98  10:48  Supply Depot  
  104  10:52  Supply Depot  
  104  10:53  SCV  
  104  10:56  Marine x2, SCV x2  
  109  11:04  Bunker  
  109  11:07  Terran Infantry Armor Level 2  
  109  11:08  Marine x6, SCV x2  
  109  11:09  Marine  
  109  11:10  Terran Infantry Weapons Level 3  
  114  11:14  Marine x2  
  114  11:18  Widow Mine x2  
  116  11:22  SCV x2  
  123  11:26  Marine x6  
  123  11:27  Marine  
  129  11:38  Orbital Command  
  129  11:45  Marine  
  129  11:46  Bunker, Marine x3  
  133  11:56  Supply Depot, Marine x4, Widow Mine x2  
  133  11:59  Supply Depot  
  141  12:17  Marine x5  
  141  12:22  Marine x4  
  150  12:35  Marine x5  
  143  12:40  Bunker, Marine x3  
  143  12:41  Marauder  
  132  12:52  Marine x5, Medivac  
  132  12:57  Marine  
  132  12:58  Marine  
  136  13:02  Marine, Marauder  
  136  13:04  Widow Mine  
  142  13:10  Marine  
  138  13:18  Marine x6  
  141  13:20  Marine  
  141  13:24  Marauder  
  144  13:28  Marine  
Show
View Real Time Build Order
Export as new Build Order

MomSpaghetti Zerg 

Build Orders: 3 Hatch before Pool 

Get SALT Encoding   

  12  0:01  Drone  
  13  0:13  Overlord  
  13  0:18  Drone  
  14  0:24  Extractor, Drone  
  15  0:32  Drone  
  16  0:35  Drone  
  17  0:56  Hatchery  
  16  1:00  Hatchery  
  16  1:07  Drone  
  18  1:17  Spawning Pool  
  16  1:20  Drone  
  16  1:24  Drone  
  18  1:35  Drone  
  19  1:52  Hatchery  
  18  2:04  Zergling x2  
  18  2:05  Zergling x2, Queen  
  22  2:12  Queen  
  24  2:21  Overlord  
  24  2:26  Drone x2  
  26  2:41  Queen, Drone  
  29  2:50  Queen  
  31  2:55  Drone  
  31  2:56  Drone  
  33  3:01  Overlord  
  33  3:07  Drone  
  33  3:08  Drone  
  35  3:14  Drone x2  
  35  3:17  Extractor  
  35  3:18  Extractor  
  35  3:19  Drone  
  36  3:23  Drone x2  
  36  3:25  Drone  
  39  3:28  Drone  
  39  3:31  Drone  
  41  3:36  Drone x2  
  41  3:37  Drone  
  41  3:39  Drone  
  45  3:43  Drone x2  
  47  3:48  Overlord  
  47  3:51  Drone  
  48  3:56  Drone x2  
  50  4:04  Extractor x2, Drone  
  50  4:05  Metabolic Boost, Drone  
  50  4:08  Drone x3  
  55  4:12  Drone x2  
  57  4:18  Evolution Chamber x2  
  57  4:20  Drone x2  
  57  4:25  Drone  
  57  4:28  Overlord x2  
  58  4:36  Extractor x2, Zergling x4  
  60  4:42  Baneling Nest  
  59  4:46  Zergling x8  
  59  4:47  Zergling x6  
  59  4:49  Spore Crawler  
  59  4:50  Zergling x2  
  66  4:56  Zergling x2  
  66  4:58  Zergling x2  
  68  5:01  Overlord  
  68  5:02  Zergling x4  
  68  5:03  Zergling x6  
  68  5:05  Zergling x2  
  74  5:07  Overlord x2  
  74  5:22  Zergling x2  
  74  5:23  Zergling x2, Spore Crawler  
  71  5:36  Drone x2  
  71  5:42  Overlord x4  
  73  5:46  Zerg Melee Weapons Level 1  
  73  5:47  Zerg Ground Armor Level 1  
  73  5:54  Spore Crawler  
  72  5:58  Hatchery  
  72  6:01  Drone x3  
  72  6:02  Drone x3  
  77  6:11  Zergling x6  
  73  6:14  Zergling x6  
  74  6:30  Zergling x10  
  76  6:46  Drone x3  
  80  6:48  Extractor  
  80  6:49  Extractor  
  80  6:53  Overlord x2  
  78  6:59  Baneling x7  
  78  7:00  Baneling x2  
  77  7:01  Zergling x2  
  77  7:02  Zergling x8  
  82  7:15  Zergling x12  
  83  7:16  Zergling x2  
  76  7:32  Zergling x10  
  76  7:33  Zergling x6  
  75  7:37  Zergling x2  
  75  7:40  Zergling x2  
  75  7:41  Zergling x6  
  74  7:51  Zergling x4  
  73  7:52  Zergling x2  
  73  7:55  Zergling x2  
  73  7:56  Zergling x6  
  78  8:01  Zergling x2  
  78  8:04  Baneling x11  
  78  8:05  Baneling  
  79  8:06  Zergling x4  
  79  8:08  Zergling x4  
  79  8:12  Zergling x6  
  86  8:13  Zergling x4  
  86  8:15  Zergling x2  
  80  8:29  Zergling x14  
  85  8:36  Zergling x2  
  85  8:37  Zergling x4  
  85  8:42  Zergling x12  
  91  8:52  Zergling x6  
  90  8:57  Zergling x6  
  92  9:04  Zergling x4  
  92  9:06  Baneling x11  
  92  9:07  Baneling  
  92  9:09  Zergling x2  
  88  9:14  Zergling x4  
  85  9:18  Zergling x4  
  85  9:19  Zergling x10  
  86  9:36  Zergling x8  
  86  9:37  Zergling x2  
  78  9:40  Zergling x4  
  76  9:48  Lair  
  76  9:51  Drone x5  
  76  9:52  Drone  
  76  9:55  Drone x3  
  71  10:02  Drone x2  
  73  10:12  Drone x2  
  73  10:13  Drone  
  76  10:17  Zergling x2  
  76  10:19  Drone x3  
  80  10:24  Zergling x2  
  80  10:28  Baneling x11  
  81  10:29  Zergling x4, Hatchery  
  81  10:30  Zergling x4  
  81  10:32  Zergling x8  
  88  10:38  Zergling x2  
  89  10:49  Zergling x12  
  95  10:51  Centrifical Hooks  
  95  10:56  Drone x3  
  98  10:59  Zergling x6  
  98  11:02  Zergling x2  
  102  11:05  Hatchery  
  102  11:08  Zergling x2  
  102  11:12  Zerg Melee Weapons Level 2  
  102  11:14  Drone x2  
  102  11:17  Drone  
  105  11:18  Overlord x3  
  105  11:19  Overlord  
  105  11:24  Baneling x4  
  105  11:28  Overlord x3  
  102  11:49  Drone x5  
  102  11:52  Extractor x2  
  106  11:54  Zergling x8  
  106  11:55  Zergling x8  
  106  11:56  Baneling  
  106  11:57  Baneling x3  
  106  11:59  Baneling  
  113  12:08  Baneling x3  
  113  12:09  Baneling  
  113  12:12  Zergling x2  
  113  12:13  Zergling x12  
  122  12:19  Baneling  
  122  12:20  Baneling x3  
  122  12:22  Zergling x6  
  125  12:23  Zergling x4  
  125  12:24  Hatchery  
  126  12:32  Zergling x12  
  126  12:33  Zergling x2  
  126  12:42  Zergling x2  
  126  12:43  Zergling x8  
  118  12:48  Zergling x6  
  113  12:55  Zergling x16  
  113  12:57  Baneling  
  113  12:58  Baneling x3  
  106  13:03  Zergling x6  
  107  13:17  Baneling x6  
  107  13:18  Baneling x7  
  105  13:21  Zergling x2  
  105  13:22  Zergling x2  
  109  13:27  Zergling x6  
Tags
 
Add a new tag
Caveats
  • Supply blocks, unpowered buildings, or Contaminate may cause inaccurate times.
  • Supply counts are checked every 10 seconds.